 Dungeon Crawl Stone Soup version 0.22.1-1-ga44c0e5 (webtiles) character file.

306794 topirishpotato the Minotaur Blade (level 20, -3/208 HPs)
             Began as a Minotaur Berserker on Sept 28, 2018.
             Was the Champion of Trog.
             Slain by an earth elemental (8 damage)
             ... summoned by a deep elf elementalist
             ... on level 3 of the Elven Halls.
             The game lasted 01:31:58 (42329 turns).

topirishpotato the Minotaur Blade (MiBe)           Turns: 42329, Time: 01:31:59

Health: -3/208     AC: 31    Str: 23    XL:     20   Next: 31%
Magic:  29/29      EV: 14    Int:  4    God:    Trog [******]
Gold:   2003       SH:  0    Dex: 18    Spells: 19/19 levels left

rFire    . . .     SeeInvis .   A - +8 triple sword (vamp)
rCold    + . .     Gourm    .   (shield currently unavailable)
rNeg     + + +     Faith    +   S - +6 plate armour "Maigh" {rPois Slay+5}
rPois    +         Spirit   .   s - +2 hat
rElec    +         Reflect  .   M - +0 cloak {rC+}
rCorr    .         Harm     .   w - +2 pair of gloves {Dex+3}
MR       ++...                  R - +0 pair of boots of Inquiry {Stlth+}
Stlth    ..........             d - amulet of faith
HPRegen  0.44/turn              W - ring of protection from magic
MPRegen  0.21/turn              P - ring of Melee {+Inv rElec rN+++ MP+9 Dex-3}

@: silence
A: retaliatory headbutt, horns 2, rugged brown scales 1, blurry vision 1,
deformed body, screaming 1
}: 2/15 runes: decaying, serpentine
a: Renounce Religion, Evoke Invisibility


You were on level 3 of the Elven Halls.
You worshipped Trog.
Trog was exalted by your worship.
You were not hungry.

You visited 6 branches of the dungeon, and saw 34 of its levels.
You visited the Abyss 1 time.
You also visited: Sewer and Ice Cave.

You collected 3718 gold pieces.
You spent 1715 gold pieces at shops.

Inventory:

Hand Weapons
 A - a +8 vampiric triple sword (weapon)
 B - the +4 long sword "Ocad" {slice, SInv Stlth+}
   (You found it on level 4 of the Snake Pit)

   It inflicts extra damage upon your enemies.
   It lets you see invisible.
   It makes you more stealthy.
 G - a +1 great sword of holy wrath
 I - a +4 triple sword of freezing
Armour
 s - a +2 hat (worn)
 w - a +2 pair of gloves of dexterity (worn)
 z - a +0 buckler of protection
 M - a +0 cloak of cold resistance (worn)
 R - the +0 pair of boots of Inquiry (worn) {Stlth+}
   (You bought it in a shop on level 2 of the Orcish Mines)

   It makes you more stealthy.
 S - the +6 plate armour "Maigh" (worn) {rPois Slay+5}
   (You found it on level 11 of the Dungeon)

   It affects your accuracy and damage with ranged weapons and melee attacks
   (+5).
   It protects you from poison.
 Z - a +0 buckler of reflection
Jewellery
 d - an amulet of faith (around neck)
 e - an uncursed ring of protection from fire
 u - a +2 ring of evasion
 D - an uncursed ring of protection from cold
 P - the ring of Melee (right hand) {+Inv rElec rN+++ MP+9 Dex-3}
   (You found it in an ice cave)

   [ring of magical power]

   It affects your dexterity (-3).
   It insulates you from electricity.
   It renders you almost immune to negative energy.
   It affects your magic capacity (+9).
   It lets you turn invisible.
 W - a ring of protection from magic (left hand)
Wands
 j - a wand of iceblast (57)
 r - a wand of scattershot (3)
 C - a wand of digging (29)
 E - a wand of disintegration (30)
 J - a wand of random effects (21)
 T - a wand of acid (13)
 V - a wand of flame (144)
 Y - a wand of paralysis (17)
Scrolls
 f - a scroll of summoning
 h - 14 scrolls of teleportation
 l - a scroll of silence
 p - 7 scrolls of fog
 v - 7 scrolls of remove curse
 x - a scroll of enchant weapon
 y - 3 scrolls of identify
 F - 7 scrolls of magic mapping
 H - a scroll of acquirement
 N - 2 scrolls of holy word
 O - 5 scrolls of enchant armour
 X - 3 scrolls of fear
Potions
 a - 2 potions of brilliance
 b - 3 potions of magic
 g - 3 potions of haste
 i - 6 potions of agility
 k - a potion of cancellation
 m - a potion of resistance
 n - 13 potions of flight
 o - 15 potions of curing
 t - 3 potions of might
 U - a potion of ambrosia {unknown}
Miscellaneous
 L - 3 boxes of beasts
Comestibles
 c - 38 rations


   Skills:
 + Level 22.6 Fighting
 + Level 25.1 Long Blades
 * Level 21.0 Armour
 + Level 9.6 Dodging
 - Level 4.0 Shields
 + Level 1.4 Evocations


You had 19 spell levels left.
You didn't know any spells.
Your spell library was empty.

Dungeon Overview and Level Annotations

Branches:
Dungeon (15/15)            Temple (0/1) D:4            Lair (6/6) D:9
  Swamp (4/4) Lair:4        Snake (4/4) Lair:2        Slime (0/5) Lair:5
    Orc (2/2) D:11            Elf (3/3) Orc:2        Vaults (0/5) D:14
 Depths (0/5) D:15

Altars:
Ashenzari
Cheibriados
Dithmenos
Fedhas
Gozag
Hepliaklqana
Kikubaaqudgha
Makhleb
Qazlal
Uskayaw
Vehumet
Beogh

Shops:
Orc:2 [[*?   Elf:3 [}(?   Snake:3 :   Snake:4 (

Portals:
Trove: D:14 (give 18 scrolls of teleportation)


Innate Abilities, Weirdness & Mutations

You reflexively headbutt those who attack you in melee.
You have a pair of horns on your head.
You are partially covered in rugged brown scales. (AC +1, +3% HP)
Scrolls take you a little longer to read.
Armour fits poorly on your strangely shaped body.
You occasionally shout uncontrollably at your foes.


Message History

The hell beast bites the fungus!!
The hell beast tramples the fungus.
The deep elf sorcerer barely misses you.
You furiously retaliate!
You headbutt the deep elf sorcerer.
The deep elf sorcerer hits the fungus with a short sword!
The fungus is destroyed!
The deep elf demonologist gestures wildly while chanting.
The ghostly deep elf master archer shoots an arrow.
The arrow completely misses you.
The deep elf sorcerer hits you but does no damage.
The earth elemental hits you!!
* * * LOW HITPOINT WARNING * * *
The Ice Fiend calls on the powers of darkness!
The deep elf demonologist convulses!
The deep elf mage convulses! x2
The deep elf elementalist convulses!
The deep elf high priest convulses!
The deep elf demonologist convulses!
The deep elf sorcerer convulses!
The deep elf death mage convulses!
The deep elf sorcerer convulses! x4
Your body is wracked with pain!
* * * LOW HITPOINT WARNING * * *
The earth elemental hits you!
You die... ########### #.........# ###.PPPPPPP.### #...PPPPPPP.[.# #.PPPPPPPPPPP)## ## ##### #.PPPPPPPPPPP*#.#E# ##...## #.PPPPPPPPPPP.ee@E#####.....## #.PPPPP8PPPPee)eee.E'...PPP..## #.PPPPPPPPP..EEeE####..PPPPP..# ')PPPPPPPP2Eee#### #..PP8PP..# #.PPPPPPPeeEeEe

#.)PPPPP.<#
#...PPPP.e***x#
##..PPP..##
###†.....ee1###
##...(.##
..)..))..(34#
##...##
.############
##'##


You could see an Ice Fiend, a hell beast, a ghostly deep elf master archer, a
deep elf death mage, a ghostly deep elf death mage, 7 deep elf sorcerers, a deep
elf elementalist, 2 deep elf demonologists, a deep elf high priest, 9 earth
elementals, 2 deep elf magi, a neqoxec, a red devil, 3 lost souls and a
battlesphere.

Vanquished Creatures
  the Lernaean hydra (Swamp:4)
  An Ice Fiend (IceCv)
  5 deep elf blademasters
  A tentacled starspawn (Abyss:1)
  Kirke (D:15)
  5 thorn hunters
  Agnes (Elf:1)
  8 nagarajas
  A deep elf sorcerer (Elf:3)
  The ghost of Tsuyu the Wallflower, a journeyman DsEE of Uskayaw (D:15)
  A deep elf demonologist (Elf:1)
  Nessos (D:13)
  2 deep elf annihilators
  A minotaur (D:15)
  The ghost of Ytwium the Severer, a journeyman MiBe of Trog (Lair:3)
  3 deep elf death magi (Elf:3)
  An ettin (Orc:1)
  Erolcha (D:12)
  A yaktaur captain (D:10)
  Fannar (D:10)
  30 hydras
  24 naga warriors
  2 catoblepae
  12 two-headed ogres
  18 anacondas
  21 dancing weapons
  3 centaur warriors
  4 ghost crabs
  2 alligators (Swamp:3)
  A tengu warrior (D:15)
  9 naga sharpshooters
  6 orc high priests
  13 shock serpents
  20 deep elf knights
  Sonja (Orc:1)
  Nergalle (Lair:1)
  3 wretched stars (Abyss:1)
  7 salamander mystics
  A spriggan druid (Swamp:4)
  3 unseen horrors
  A glowing orange brain (D:15)
  9 sea snakes (Snake:4)
  11 deep elf archers
  11 swamp dragons
  4 lindwurms (Snake:4)
  A wizard (Swamp:1)
  Pikel (D:8)
  4 shambling mangroves
  19 mana vipers
  The ghost of Tovical the Spear-Bearer, a novice TeAK of Lugonu (D:7)
  8 naga ritualists
  A wolf spider (D:15)
  47 deep elf magi
  16 ugly things
  A harpy (D:10)
  5 orc knights
  4 cyclopes
  6 orc sorcerers
  Joseph (Lair:1)
  A worldbinder (Abyss:1)
  11 elephants
  17 salamanders
  27 naga magi
  3 centaur zombies
  A guardian serpent (shapeshifter) (Abyss:1)
  3 ice statues
  A smoke demon (Abyss:1)
  A black mamba (shapeshifter) (D:14)
  38 black mambas
  6 guardian serpents
  A torpor snail (Lair:5)
  Psyche (D:10)
  2 gargoyles
  11 spiny frogs
  7 komodo dragons
  The ghost of Elysium the Carver, a novice HuGl (D:4)
  2 yaktaurs (D:15)
  An eye of devastation (shapeshifter) (D:15)
  8 rime drakes
  An efreet (D:10)
  An anaconda simulacrum (IceCv)
  4 freezing wraiths
  4 ice devils (IceCv)
  A guardian mummy (D:14)
  2 kobold demonologists (D:14)
  A tengu conjurer (D:10)
  A hellwing (Abyss:1)
  A queen bee (shapeshifter) (D:15)
  7 trolls
  2 meliai (D:13)
  6 polar bears (Lair:6)
  2 golden dragon simulacra (IceCv)
  23 hornets
  A merfolk (shapeshifter) (D:10)
  A wolf spider simulacrum (IceCv)
  23 slime creatures
  A raiju (Abyss:1)
  12 tyrant leeches
  8 blink frogs
  18 bog bodies
  6 dream sheep (Lair:6)
  16 hippogriffs
  3 flying skulls (Abyss:1)
  3 air elementals
  20 spriggans
  4 shadows
  2 wraiths (D:15)
  10 wyverns
  A water elemental (Elf:2)
  A hog (D:15)
  52 yaks
  3 large abominations (Abyss:1)
  5 basilisks
  3 fire elementals
  4 chaos spawn (Abyss:1)
  3 fire bats (Abyss:1)
  A death yak simulacrum (IceCv)
  10 vampire mosquitoes
  2 hungry ghosts
  13 swamp worms
  10 insubstantial wisps
  3 wargs
  3 iron troll simulacra (IceCv)
  3 harpy simulacra (IceCv)
  4 hydra simulacra (IceCv)
  44 nagas
  2 soldier ants
  23 water moccasins
  4 porcupines
  A hell hound (Lair:5)
  2 sky beasts (shapeshifter) (D:15)
  4 ice beasts
  7 phantoms
  A necrophage (D:12)
  11 swamp drakes
  38 orc warriors
  A black bear (Lair:6)
  2 sky beasts
  An alligator simulacrum (IceCv)
  2 ettin simulacra (IceCv)
  21 wolves
  17 centaurs
  4 boggarts (Lair:6)
  26 ogres
  9 crocodiles
  2 small abominations (Abyss:1)
  6 big kobolds
  16 bullfrogs
  An earth elemental (Elf:1)
  A wyvern skeleton (D:8)
  2 scorpions (D:8)
  An elephant simulacrum (IceCv)
  21 wights
  2 electric eels
  4 howler monkeys
  2 crimson imps (D:6)
  2 quasits
  2 draconian simulacra (IceCv)
  5 jellies
  A gnoll shaman (D:5)
  4 hounds
  32 orc priests
  5 centaur skeletons
  3 bullfrog skeletons
  3 iguanas
  22 orc wizards
  8 worker ants
  A polar bear simulacrum (IceCv)
  A killer bee zombie (D:5)
  2 spriggan simulacra (IceCv)
  4 troll simulacra (IceCv)
  3 centaur simulacra (IceCv)
  A hound skeleton (D:5)
  A howler monkey zombie (D:5)
  15 gnolls
  A worker ant zombie (D:10)
  12 adders
  An ogre simulacrum (IceCv)
  2 shadow imps
  6 white imps (IceCv)
  5 ufetubi
  10 oozes
  4 adder skeletons
  An adder zombie (D:6)
  2 worms
  3 dart slugs
  4 leopard geckos
  83 orcs
  5 ball pythons
  8 giant cockroaches
  6 goblins
  8 hobgoblins
  2 jackals (D:5)
  2 quokkas
  11 bats
  10 frilled lizards
  42 kobolds
  2 leopard gecko skeletons
  2 quokka skeletons (D:5)
  6 rats
  2 briar patches (Swamp:3)
  2 starspawn tentacles (Abyss:1)
1453 creatures vanquished.

Vanquished Creatures (collateral kills)
  An orc warlord (Orc:2)
  A naga warrior (Snake:2)
  A centaur warrior (D:15)
  An ogre mage (Orc:1)
  A skeletal warrior (D:15)
  A naga ritualist (Snake:2)
  An orc knight (Orc:1)
  A mana viper (Snake:2)
  An orb spider (Abyss:1)
  An ugly thing (D:15)
  A salamander (Snake:2)
  A manticore (D:15)
  A smoke demon (Abyss:1)
  A black mamba (Snake:2)
  A meliai (D:13)
  3 slime creatures (D:12)
  2 nagas (Snake:2)
  An orc warrior (D:7)
  An ogre (D:7)
  2 centaurs (D:15)
  A bullfrog (D:7)
  A bullfrog skeleton (D:7)
  3 orc priests
  4 orc wizards
  An iron imp (Abyss:1)
  An adder zombie (D:7)
  6 orcs
41 creatures vanquished.

Vanquished Creatures (others)
  A deep elf elementalist (Elf:1)
  A hydra (Swamp:4)
  A deep elf mage (Elf:1)
  A guardian serpent (Snake:4)
  A tyrant leech (Swamp:4)
  A spriggan (Swamp:4)
  3 humans (D:15)
  A water elemental (Elf:3)
  2 small abominations (Abyss:1)
  3 swamp drakes (Swamp:4)
  A large abomination (Abyss:1)
  An eye of draining (D:15)
  2 slaves (D:8)
  A centaur (D:15)
  A jelly (Abyss:1)
  An orc priest (Orc:2)
  A howler monkey zombie (D:8)
  6 white imps (IceCv)
  2 ufetubi (IceCv)
  An orc (Orc:1)
  4 briar patches (Swamp:3)
  35 fungi
  17 plants
  2 starspawn tentacles (Abyss:1)
  3 withered plants (D:6)
93 creatures vanquished.

Grand Total: 1587 creatures vanquished

Notes
Turn   | Place    | Note
-------+----------+-------------------------------------------
     0 | D:1      | topirishpotato the Minotaur Berserker began the quest for
                  | the Orb.
     0 | D:1      | Reached XP level 1. HP: 19/19 MP: 0/0
   189 | D:1      | Reached XP level 2. HP: 10/27 MP: 1/1
   738 | D:1      | Reached skill level 4 in Long Blades
  1194 | D:2      | Reached XP level 3. HP: 24/33 MP: 2/2
  1565 | D:2      | Reached ** piety under Trog
  2048 | D:3      | Found an opulent altar of Gozag.
  2071 | D:3      | Found a snail-covered altar of Cheibriados.
  2181 | D:3      | Reached XP level 4. HP: 33/41 MP: 3/3
  2189 | D:3      | HP: 2/61 [gnoll/halberd (8)]
  2564 | D:3      | Found a shattered altar of Ashenzari.
  2909 | D:4      | Reached skill level 5 in Long Blades
  2912 | D:4      | Reached XP level 5. HP: 42/47 MP: 4/4
  2922 | D:4      | Noticed an ogre
  2925 | D:4      | Killed an ogre
  3097 | D:4      | Reached XP level 6. HP: 36/55 MP: 5/5
  3355 | D:4      | Found a large runed door.
  3355 | D:4      | Found a large runed door.
  3364 | D:4      | Noticed Elysium's ghost (novice HuGl)
  3436 | D:4      | Found a blossoming altar of Fedhas.
  3445 | D:4      | Reached skill level 5 in Fighting
  3445 | D:4      | Reached skill level 6 in Long Blades
  3445 | D:4      | Reached skill level 5 in Armour
  3741 | D:4      | Found a staircase to the Ecumenical Temple.
  3822 | D:4      | Found a stormy altar of Qazlal.
  4151 | D:4      | Killed Elysium's ghost
  4151 | D:4      | Reached XP level 7. HP: 61/61 MP: 6/6
  4203 | D:5      | Entered Level 5 of the Dungeon
  4457 | D:5      | Reached skill level 7 in Long Blades
  4515 | D:5      | Found a glowing drain.
  4548 | Sewer    | Entered a sewer
  4767 | Sewer    | Reached *** piety under Trog
  4947 | D:5      | Reached XP level 8. HP: 70/70 MP: 7/7
  4981 | D:5      | Reached skill level 8 in Long Blades
  5203 | D:5      | Found a radiant altar of Vehumet.
  5205 | D:5      | Found a hide-covered altar of Uskayaw.
  5205 | D:5      | Found a shadowy altar of Dithmenos.
  5465 | D:5      | Reached skill level 9 in Long Blades
  5918 | D:6      | Reached **** piety under Trog
  5946 | D:6      | Reached skill level 5 in Dodging
  5947 | D:6      | Reached skill level 10 in Long Blades
  6014 | D:6      | Reached XP level 9. HP: 79/79 MP: 8/8
  6016 | D:6      | Found a blossoming altar of Fedhas.
  6017 | D:6      | Found an ancient bone altar of Kikubaaqudgha.
  7024 | D:7      | Found a hazy altar of Hepliaklqana.
  7049 | D:7      | Reached skill level 11 in Long Blades
  7396 | D:7      | Found a burning altar of Makhleb.
  7607 | D:7      | Noticed Tovical's ghost (novice TeAK)
  7608 | D:7      | Found a runed door.
  7776 | D:7      | HP: 2/82 [Tovical's ghost (17)]
  7779 | D:7      | Killed Tovical's ghost
  7779 | D:7      | Reached XP level 10. HP: 19/90 MP: 9/9
  8311 | D:8      | Noticed Pikel
  8342 | D:8      | Killed Pikel
  8342 | D:8      | Reached skill level 12 in Long Blades
  8599 | D:8      | Noticed a two-headed ogre
  8606 | D:8      | Killed a two-headed ogre
  8718 | D:8      | Noticed a two-headed ogre
  8723 | D:8      | Killed a two-headed ogre
  9250 | D:9      | Found a staircase to the Lair.
  9259 | D:9      | Reached skill level 10 in Armour
  9266 | D:9      | Reached skill level 13 in Long Blades
  9370 | D:9      | Reached skill level 10 in Fighting
  9370 | D:9      | Reached XP level 11. HP: 38/99 MP: 10/10
  9374 | D:9      | Reached ***** piety under Trog
  9887 | D:9      | Received a gift from Trog
  9892 | D:9      | Got a crystal great sword {god gift}
  9893 | D:9      | Identified the +2 great sword "Buc Irghe" {freeze, Str+2}
                  | (Trog gifted it to you on level 9 of the Dungeon)
 10241 | D:10     | Entered Level 10 of the Dungeon
 10514 | D:10     | Noticed Fannar
 10535 | D:10     | Killed Fannar
 10832 | D:10     | Noticed a green ugly thing
 10841 | D:10     | Killed a green ugly thing
 10841 | D:10     | Reached skill level 14 in Long Blades
 10901 | D:10     | Noticed Psyche
 10908 | D:10     | Killed Psyche
 11207 | D:10     | Found a runed door.
 11213 | D:10     | Noticed a yaktaur captain
 11216 | D:10     | Killed a yaktaur captain
 11237 | D:10     | Noticed a harpy
 11240 | D:10     | Killed a harpy
 11342 | D:11     | Found an opulent altar of Gozag.
 11383 | D:11     | Got an encrusted great sword
 11389 | D:11     | Identified the +5 great sword "Xuracw" {pain, -Tele rN+
                  | MP+9 Dex+6} (You found it on level 11 of the Dungeon)
 11415 | D:11     | Found a staircase to the Orcish Mines.
 11424 | D:11     | Reached skill level 15 in Long Blades
 11528 | D:11     | Got a bloodstained plate armour
 11539 | D:11     | Identified the +6 plate armour "Maigh" {rPois Slay+5} (You
                  | found it on level 11 of the Dungeon)
 11591 | D:11     | Noticed a seven-headed hydra
 11598 | D:11     | Killed a six-headed hydra
 11781 | D:12     | Noticed a brown ugly thing
 11787 | D:12     | Killed a brown ugly thing
 11787 | D:12     | Reached XP level 12. HP: 93/110 MP: 11/11
 12077 | D:12     | Noticed a two-headed ogre
 12084 | D:12     | Killed a two-headed ogre
 12084 | D:12     | Reached skill level 16 in Long Blades
 12214 | D:12     | Noticed Erolcha
 12221 | D:12     | Killed Erolcha
 12255 | D:12     | Noticed a two-headed ogre
 12260 | D:12     | Killed a two-headed ogre
 12605 | D:12     | HP: 2/112 [titanic slime creature (53)]
 13738 | D:13     | Noticed Nessos
 13748 | D:13     | Killed Nessos
 13893 | D:13     | Reached skill level 17 in Long Blades
 14181 | D:14     | Noticed a centaur warrior
 14187 | D:14     | Killed a centaur warrior
 14187 | D:14     | Reached skill level 1 in Evocations
 14190 | D:14     | Received a gift from Trog
 14196 | D:14     | Got a crude dire flail {god gift}
 14197 | D:14     | Identified the +10 dire flail of Resourcefulness {freeze,
                  | rC+} (Trog gifted it to you on level 14 of the Dungeon)
 14245 | D:14     | Found a gate to the Vaults.
 14247 | D:14     | Reached XP level 13. HP: 98/119 MP: 12/12
 14365 | D:14     | Found a portal to a secret trove of treasure.
 14829 | D:15     | Entered Level 15 of the Dungeon
 14887 | D:15     | Got a brightly glowing ring mail
 14895 | D:15     | Noticed Kirke
 14905 | D:15     | Killed Kirke
 14912 | D:15     | Found a runed gate.
 14919 | D:15     | Found a runed gate.
 15273 | D:15     | Noticed Tsuyu's ghost (journeyman DsEE)
 15276 | D:15     | Noticed a minotaur
 15285 | D:15     | Reached skill level 18 in Long Blades
 15516 | D:15     | Found a runed gate.
 15583 | D:15     | Found a staircase to the Depths.
 16256 | D:15     | Gained mutation: You are dopey. (Int -2) [potion of
                  | mutation]
 16256 | D:15     | Gained mutation: Your flesh is cold resistant. (rC+)
                  | [potion of mutation]
 16256 | D:15     | Gained mutation: You occasionally shout uncontrollably at
                  | your foes. [potion of mutation]
 16256 | D:15     | Gained mutation: You can translocate small distances at
                  | will. [potion of mutation]
 16269 | D:15     | Killed a minotaur
 16270 | D:15     | Reached XP level 14. HP: 129/129 MP: 14/14
 16278 | D:15     | Killed Tsuyu's ghost
 16465 | D:15     | Identified a scroll of acquirement
 16770 | Lair:1   | Entered Level 1 of the Lair of Beasts
 16866 | Lair:1   | Noticed Nergalle
 16879 | Lair:1   | Killed Nergalle
 17109 | Lair:1   | Reached skill level 19 in Long Blades
 17439 | Lair:1   | Noticed Joseph
 17443 | Lair:1   | Killed Joseph
 17600 | Lair:1   | Identified the +10 ring mail of Webrihiuz {rN++} (You found
                  | it on level 15 of the Dungeon)
 17833 | Lair:2   | Found a staircase to the Snake Pit.
 18289 | Lair:2   | Reached skill level 15 in Armour
 18804 | Lair:3   | Found a runed gate.
 18805 | Lair:3   | Found a runed gate.
 18806 | Lair:3   | Found a runed gate.
 18807 | Lair:3   | Noticed Ytwium's ghost (journeyman MiBe)
 18850 | Lair:3   | Killed Ytwium's ghost
 18850 | Lair:3   | Reached skill level 1 in Shields
 18861 | Lair:3   | Got a warped war axe
 18929 | Lair:3   | Identified the cursed +3 war axe of Cruel Justice {protect,
                  | Fragile +Blink rF+ Str+2} (You found it on level 3 of the
                  | Lair of Beasts)
 20321 | Lair:4   | Found a staircase to the Swamp.
 20600 | Lair:5   | Received a gift from Trog
 20704 | Lair:5   | Reached XP level 15. HP: 120/139 MP: 15/15
 21065 | Lair:5   | Found a staircase to the Slime Pits.
 21203 | Lair:5   | Found a runed door.
 21444 | Lair:6   | Entered Level 6 of the Lair of Beasts
 21827 | Lair:6   | Reached skill level 15 in Fighting
 21861 | Lair:6   | Received a gift from Trog
 21947 | Lair:6   | Reached ****** piety under Trog
 21947 | Lair:6   | Reached skill level 20 in Long Blades
 22673 | Orc:1    | Entered Level 1 of the Orcish Mines
 22680 | Orc:1    | Noticed Sonja
 22710 | Orc:1    | Killed Sonja
 22983 | Orc:1    | Received a gift from Trog
 23644 | Orc:2    | Entered Level 2 of the Orcish Mines
 23755 | Orc:2    | Received a gift from Trog
 24138 | Orc:2    | Found a staircase to the Elven Halls.
 24394 | Orc:2    | Found a roughly hewn altar of Beogh.
 24433 | Orc:2    | Received a gift from Trog
 24492 | Orc:2    | Found Yjiyprin's Magic Scroll Boutique.
 24502 | Orc:2    | Found Kafescho's General Store.
 24655 | Orc:2    | Noticed an orc warlord
 24664 | Orc:2    | Killed an orc warlord
 24664 | Orc:2    | Reached XP level 16. HP: 151/151 MP: 16/16
 24685 | Orc:2    | Found a roughly hewn altar of Beogh.
 24790 | Orc:2    | Received a gift from Trog
 24812 | Orc:2    | Found Ucou's Antique Armour Shoppe.
 24855 | Orc:2    | Found Pir Jul's Antique Armour Emporium.
 24872 | Orc:2    | Bought a fine scale mail for 243 gold pieces
 24872 | Orc:2    | Bought a bronze troll leather armour for 540 gold pieces
 24872 | Orc:2    | Bought a pair of distressingly furry boots for 256 gold
                  | pieces
 24882 | Orc:2    | Identified the cursed +0 troll leather armour of the Elven
                  | Halls {rElec rN++ Regen+ Str+3 Slay-5} (You bought it in a
                  | shop on level 2 of the Orcish Mines)
 24893 | Orc:2    | Identified the +0 pair of boots of Inquiry {Stlth+} (You
                  | bought it in a shop on level 2 of the Orcish Mines)
 24904 | Orc:2    | Identified the cursed +0 scale mail "Jyiv" {*Corrode rF+
                  | Int-5 Dex+6} (You bought it in a shop on level 2 of the
                  | Orcish Mines)
 24904 | Orc:2    | Lost intelligence.
 25455 | Swamp:1  | Entered Level 1 of the Swamp
 26715 | Swamp:2  | Noticed a thorn hunter
 26730 | Swamp:2  | Killed a thorn hunter
 26730 | Swamp:2  | Reached skill level 21 in Long Blades
 27315 | Swamp:3  | Noticed a thorn hunter
 27324 | Swamp:3  | Killed a thorn hunter
 27334 | Swamp:3  | Received a gift from Trog
 27797 | Swamp:3  | Noticed a thorn hunter
 27812 | Swamp:3  | Killed a thorn hunter
 28059 | Swamp:3  | Noticed a thorn hunter
 28075 | Swamp:3  | Killed a thorn hunter
 28948 | Swamp:4  | Entered Level 4 of the Swamp
 29236 | Swamp:4  | Received a gift from Trog
 29526 | Swamp:4  | Reached XP level 17. HP: 119/166 MP: 17/17
 30449 | Swamp:4  | Received a gift from Trog
 30515 | Swamp:4  | Reached skill level 22 in Long Blades
 30553 | Swamp:4  | Noticed the 27-headed Lernaean hydra
 30560 | Swamp:4  | Killed the 24-headed Lernaean hydra
 30759 | Swamp:4  | Got a decaying rune of Zot
 31472 | Snake:1  | Entered Level 1 of the Snake Pit
 31819 | Snake:1  | Received a gift from Trog
 31843 | Snake:1  | Got an ancient great sword {god gift}
 31844 | Snake:1  | Identified the +4 great sword of Murelof {freeze, +Blink
                  | Str+4} (Trog gifted it to you on level 1 of the Snake Pit)
 31953 | Snake:2  | Found a frozen archway.
 31976 | IceCv    | Entered an ice cave
 32632 | IceCv    | Received a gift from Trog
 32822 | IceCv    | Noticed an Ice Fiend
 32864 | IceCv    | Killed an Ice Fiend
 33202 | IceCv    | Got a brightly glowing ivory ring
 33204 | IceCv    | Identified the ring of Melee {+Inv rElec rN+++ MP+9 Dex-3}
                  | (You found it in an ice cave)
 33682 | Snake:2  | Reached skill level 23 in Long Blades
 33696 | Snake:2  | Received a gift from Trog
 33696 | Snake:2  | Reached XP level 18. HP: 95/178 MP: 18/18
 34932 | Snake:3  | Got a crystal spear
 34933 | Snake:3  | Identified the cursed +1 spear of Noocumud {freeze, Int+3}
                  | (You found it on level 3 of the Snake Pit)
 34950 | Snake:3  | Found Xamiagh's Book Shop.
 35665 | Snake:4  | Entered Level 4 of the Snake Pit
 35852 | Snake:4  | Received a gift from Trog
 35884 | Snake:4  | Got an ebony bardiche
 35884 | Snake:4  | Got a translucent long sword
 35996 | Snake:4  | Found Romu Qej's Weapon Shop.
 36045 | Snake:4  | Identified the +4 long sword "Ocad" {slice, SInv Stlth+}
                  | (You found it on level 4 of the Snake Pit)
 36046 | Snake:4  | Identified the cursed +2 bardiche of Roqib {distort, MR+}
                  | (You found it on level 4 of the Snake Pit)
 36102 | Snake:4  | Reached skill level 24 in Long Blades
 36718 | Snake:4  | Received a gift from Trog
 36814 | Snake:4  | Reached XP level 19. HP: 166/189 MP: 19/19
 36934 | Snake:4  | Received a gift from Trog
 36956 | Snake:4  | Got a serpentine rune of Zot
 37524 | Elf:1    | Entered Level 1 of the Elven Halls
 37578 | Orc:2    | Cast into level 1 of the Abyss (deep elf mage)
 38086 | Abyss:1  | HP: 8/191 [smoke demon/divine providence (14)]
 38133 | Abyss:1  | Lost intelligence.
 38153 | Orc:2    | Escaped the Abyss
 38156 | Orc:2    | Received a gift from Trog
 38208 | Orc:2    | Lost intelligence.
 38212 | Orc:2    | Lost mutation: Your flesh is cold resistant. (rC+) [potion
                  | of mutation]
 38212 | Orc:2    | Lost mutation: You can translocate small distances at will.
                  | [potion of mutation]
 38212 | Orc:2    | Gained mutation: Scrolls take you a little longer to read.
                  | [potion of mutation]
 38212 | Orc:2    | Gained mutation: Your mind is acute. (Int +2) [potion of
                  | mutation]
 38504 | Orc:2    | Lost intelligence.
 38504 | Orc:2    | Lost mutation: Your mind is acute. (Int +2) [potion of
                  | mutation]
 38504 | Orc:2    | Lost mutation: You are very dopey. (Int -4) [potion of
                  | mutation]
 38504 | Orc:2    | Gained mutation: You are resistant to hostile enchantments.
                  | (MR+) [potion of mutation]
 38504 | Orc:2    | Lost mutation: You are resistant to hostile enchantments.
                  | (MR+) [potion of mutation]
 38504 | Orc:2    | Gained mutation: Armour fits poorly on your strangely
                  | shaped body. [potion of mutation]
 38504 | Orc:2    | Gained mutation: You have a pair of large horns on your
                  | head. [potion of mutation]
 38507 | Orc:2    | Lost mutation: Scrolls take you a little longer to read.
                  | [potion of mutation]
 38507 | Orc:2    | Lost mutation: You have a pair of large horns on your head.
                  | [potion of mutation]
 38507 | Orc:2    | Gained mutation: Scrolls take you a little longer to read.
                  | [potion of mutation]
 38507 | Orc:2    | Gained mutation: You are partially covered in rugged brown
                  | scales. (AC +1, +3% HP) [potion of mutation]
 38804 | Elf:1    | Noticed a Tzitzimitl
 39524 | Elf:1    | Noticed Agnes
 39532 | Elf:1    | Killed Agnes
 40447 | Elf:2    | Received a gift from Trog
 40844 | Elf:2    | Received a gift from Trog
 40901 | Elf:2    | Found a huge runed gate.
 40903 | Elf:2    | Found a huge runed gate.
 40906 | Elf:2    | Found a huge runed gate.
 41343 | Elf:2    | Reached XP level 20. HP: 203/206 MP: 20/20
 41687 | Elf:3    | Entered Level 3 of the Elven Halls
 41872 | Elf:3    | Found Gyergh's Antique Weapon Shop.
 41874 | Elf:3    | Found Unaeroyh's Gadget Shop.
 41992 | Elf:3    | Reached skill level 25 in Long Blades
 42061 | Elf:3    | Received a gift from Trog
 42110 | Elf:3    | Found Rubufrom's Magic Scroll Shoppe.
 42117 | Elf:3    | Bought a scroll of acquirement for 676 gold pieces
 42131 | Elf:3    | Found Vurhas's Armour Shoppe.
 42329 | Elf:3    | HP: 6/208 [earth elemental[a deep elf elementalist] (19)]
 42329 | Elf:3    | Slain by an earth elemental

Skill      XL: |  1  2  3  4  5  6  7  8  9 10 11 12 13 14 15 16 17 18 19 20 |
---------------+-------------------------------------------------------------+-----
Fighting       | 4 5 7 8 10 11 12 13 14 16 18 20 21 22 | 22.6
Long Blades    | 4 5 6 7 10 11 13 15 17 18 19 20 21 23 24 25 | 25.1
Armour         | 3 4 6 7 8 10 12 14 15 17 18 19 20 21 | 21.0
Dodging        | 3 4 5 6 7 8 9 |  9.6
Evocations     | 1 |  1.4
Shields        | 4 |  4.0

Action                   |  1- 3 |  4- 6 |  7- 9 | 10-12 | 13-15 | 16-18 | 19-21 || total
-------------------------+-------+-------+-------+-------+-------+-------+-------++-------
Melee: Falchion          |   121 |    66 |   352 |       |       |       |       ||   539
       Headbutt          |    15 |    12 |   105 |   142 |   332 |   431 |   149 ||  1186
       Scimitar          |       |       |    35 |   159 |   519 |   539 |       ||  1252
       Great sword       |       |       |       |   284 |   441 |    76 |       ||   801
       Triple sword      |       |       |       |       |       |   596 |   533 ||  1129
       Dire flail        |       |       |       |       |       |   111 |       ||   111
Invok: Berserk           |     1 |     3 |     4 |     4 |    10 |     4 |     4 ||    30
       Trog's Hand       |     1 |     1 |     6 |     6 |    12 |     7 |     6 ||    39
       Brothers in Arms  |       |       |     2 |     2 |     7 |     2 |     4 ||    17
Evoke: Wand              |       |       |       |    11 |     3 |       |       ||    14
  Use: Scroll            |       |       |    12 |     4 |    23 |    21 |     8 ||    68
       Potion            |       |       |     2 |     1 |     3 |    12 |    12 ||    30
 Stab: Distracted        |       |       |       |       |     1 |       |     1 ||     2
       Petrified         |       |       |       |       |     4 |       |       ||     4
       Invisible         |       |       |       |       |       |     2 |       ||     2
  Eat: Chunk             |     3 |     3 |    15 |    19 |    32 |     9 |     8 ||    89
       Ration            |       |     2 |     1 |     4 |     5 |    15 |     5 ||    32
Armor: Ring mail         |    32 |    25 |    88 |       |       |       |       ||   145
       Animal skin       |     1 |       |       |       |       |       |       ||     1
       Scale mail        |       |       |    31 |    67 |       |       |       ||    98
       Plate armour      |       |       |       |   137 |   526 |  1104 |   462 ||  2229
Dodge: Dodged            |    79 |    35 |   296 |   285 |   689 |  1022 |   416 ||  2822
Block: Buckler           |       |       |       |       |   150 |   181 |       ||   331
       Rpst.: Falchion   |    18 |     7 |    73 |       |       |       |       ||    98
       Scimitar          |       |       |     4 |    34 |    70 |    76 |       ||   184
       Great sword       |       |       |       |    30 |    59 |    11 |       ||   100
       Triple sword      |       |       |       |       |       |    83 |    71 ||   154
